Thunderbirds vs Americans
Created - December 19, 2024 at 19:23
Goals
|
| Thunderbirds |
3 |
2 |
1 |
6 |
| Americans |
1 |
2 |
1 |
4 |
|
Shots
|
| Thunderbirds |
8 |
11 |
11 |
30 |
| Americans |
11 |
11 |
8 |
30 |
|
1st period
1. Thunderbirds , Rourke Chartier 10 (Michael Rasmussen 6, Sami Niku 10) at 3:49
2. Thunderbirds , Dylan Blujus 3 (Dylan Sikura 11, Matt Roy 7) at 10:26
3. Americans , Dillon Heatherington 5 (Jonas Brodin 10, Kevin Fiala 23) at 16:25 (PP)
4. Thunderbirds , Emil Bemstrom 11 (Dylan Blujus 5, Trent Frederic 7) at 17:34
Penalties :
Paul Cotter (Spr) for High sticking (Minor) at 16:09, Anthony Richard (Spr) for Tripping (Minor) at 18:27
2nd period
5. Americans , Kevin Fiala 18 (Jonas Brodin 11, Michael McCarron 10) at 0:06 (PP)
6. Thunderbirds , Paul Cotter 4 (Calen Addison 6, Emil Bemstrom 9) at 2:44 (PP)
7. Thunderbirds , Rasmus Kupari 4 (Artturi Lehkonen 8, Trey Fix-Wolansky 2) at 5:21
8. Americans , Christopher Paquette 1 (Jonas Brodin 12, Jakob Pelletier 3) at 13:29
Penalties :
Michael McCarron (Roc) for Hooking (Minor) at 1:34, Jacob Larsson (Roc) for Tripping (Minor) at 3:00, Emil Bemstrom (Spr) for Cross-checking (Minor) at 6:53, Sami Niku (Spr) for Holding (Minor) at 9:35, Calen Addison (Spr) for Hooking (Minor) at 19:10
3rd period
9. Americans , Michael McCarron 8 (Kevin Fiala 24, Devon Teows 10) at 12:18
10. Thunderbirds , Dylan Sikura 10 (Rasmus Kupari 4, Trent Frederic 8) at 19:25 (Empty Net)
Penalties :
Calen Addison (Spr) for Tripping (Minor) at 3:04, Devon Teows (Roc) for Roughing (Minor) at 5:55, Kevin Fiala (Roc) for High sticking (Minor) at 13:55
Goalie Stats
Emil Larmi (Spr), 26 saves from 30 shots - (0.867), W, 12-7-1, 60:00 minutes
Connor Hellebyuk (Roc), 18 saves from 19 shots - (0.947), L, 11-11-1, 36:54 minutes
Peyton Jones (Roc), 6 saves from 10 shots - (0.600), 22:44 minutes
Players Stats for Thunderbirds
Player Name G A P +/- PIM S H SB GA TA FO MP PP MP PK MP
------------------------------------------------------------------------------------
Anthony Richard 0 0 0 1 2 2 0 0 1 0 3/11 17:17 3:01 2:39
Artturi Lehkonen 0 1 1 1 0 0 1 0 0 0 0/1 9:15 0:00 2:53
Calen Addison 0 1 1 0 4 2 1 1 0 0 0/0 25:17 4:26 3:14
Dylan Blujus 1 1 2 2 0 1 1 1 0 2 0/0 19:12 0:00 3:56
Dylan Sikura 1 1 2 2 0 3 2 0 0 0 1/2 14:32 0:00 1:20
Emil Bemstrom 1 1 2 1 2 5 2 0 2 0 0/0 12:59 3:01 0:00
Frederic Allard 0 0 0 2 0 0 1 0 1 1 0/0 17:23 0:00 5:08
Henri Jokiharju 0 0 0 0 0 0 1 1 0 2 0/0 24:32 2:41 6:23
Joachim Blichfeld 0 0 0 -1 0 4 2 2 1 1 0/1 19:08 4:06 0:00
Matt Roy 0 1 1 1 0 0 3 1 0 0 0/0 17:10 2:41 1:01
Michael Rasmussen 0 1 1 1 0 0 3 1 0 2 0/0 16:35 4:06 1:10
Paul Cotter 1 0 1 1 2 1 3 0 0 0 0/0 12:58 3:01 0:00
Pierre Engvall 0 0 0 1 0 0 1 2 1 0 0/0 8:46 0:00 1:29
Rasmus Kupari 1 1 2 0 0 4 1 1 0 0 3/3 12:07 0:00 0:06
Rourke Chartier 1 0 1 -1 0 6 2 0 1 0 16/30 19:08 4:06 0:00
Sami Niku 0 1 1 1 2 0 1 1 0 1 0/0 16:46 4:26 0:00
Trent Frederic 0 2 2 2 0 1 0 0 0 0 6/17 16:27 0:00 5:57
Trey Fix-Wolansky 0 1 1 1 0 1 0 1 0 1 0/0 10:31 0:00 4:08
Players Stats for Americans
Player Name G A P +/- PIM S H SB GA TA FO MP PP MP PK MP
------------------------------------------------------------------------------------
Alex Schoenborn 0 0 0 0 0 0 1 0 0 0 0/0 6:56 0:00 0:00
Christopher Paquette 1 0 1 0 0 1 0 0 1 0 2/4 6:56 0:00 0:00
Daniel Sprong 0 0 0 0 0 3 0 0 2 0 0/1 10:13 0:00 0:00
Devon Teows 0 1 1 1 2 0 1 2 1 0 0/0 18:34 4:00 1:37
Dillon Heatherington 1 0 1 -1 0 1 2 1 0 0 0/0 26:43 5:51 4:31
Dmitri Semykin 0 0 0 0 0 0 0 0 0 0 0/0 5:27 0:00 0:00
Felix Bibeau 0 0 0 0 0 0 0 0 0 0 0/0 0:00 0:00 0:00
Gianni Fairbrother 0 0 0 0 0 0 0 0 0 0 0/0 0:00 0:00 0:00
Jacob Larsson 0 0 0 1 2 0 0 1 0 0 0/0 18:31 4:00 1:43
Jakob Pelletier 0 1 1 0 0 2 0 0 0 0 0/0 6:56 0:00 0:00
John Leonard 0 0 0 0 0 0 0 0 2 0 0/0 10:51 0:00 0:34
Jonas Brodin 0 3 3 -1 0 2 0 0 1 0 0/0 26:43 5:51 4:31
Justin Bailey 0 0 0 -2 0 5 4 0 0 1 4/7 24:40 5:26 4:10
Kevin Fiala 1 2 3 -2 2 9 1 1 0 1 0/1 23:27 5:26 2:54
Lauri Pajuniemi 0 0 0 0 0 0 0 0 0 0 0/0 0:00 0:00 0:00
Maxim Mamin 0 0 0 0 0 1 1 0 1 0 5/7 10:32 0:00 0:15
Michael McCarron 1 1 2 -2 2 2 2 2 0 0 16/32 20:23 5:26 0:00
Nathan Noel 0 0 0 -1 0 0 1 0 0 2 8/11 14:38 4:25 0:00
Peyton Krebs 0 0 0 0 0 0 0 0 0 0 1/1 2:55 0:00 2:23
Richard Nejezchleb 0 0 0 -1 0 0 4 1 0 1 0/1 15:29 4:25 0:51
Samuel Bolduc 0 0 0 -3 0 0 0 1 0 0 0/0 9:09 0:00 0:21
Spencer Stastney 0 0 0 -3 0 1 0 1 0 2 0/0 10:02 0:00 1:31
Vladimir Tkachev 0 0 0 -1 0 3 0 0 2 0 0/0 17:51 4:25 3:07
Xavier Bouchard 0 0 0 0 0 0 0 0 0 0 0/0 5:27 0:00 0:00
Zachary Senyshyn 0 0 0 0 0 0 0 0 0 0 0/0 0:26 0:00 0:00
3 Stars
1 - Dylan Sikura (Spr)
2 - Dylan Blujus (Spr)
3 - Rasmus Kupari (Spr)
Power Play
Thunderbirds - 1 on 4 Attempt(s) - 25.00%
Americans - 2 on 6 Attempt(s) - 33.33%
Penalty Kill
Thunderbirds - 4 on 6 Attempt(s) - 66.67%
- Score 0 goal in Penalty Kill
Americans - 3 on 4 Attempt(s) - 75.00%
- Score 0 goal in Penalty Kill
Team Stat
Thunderbirds - Hits : 25 - Faceoff Wins : 29 - Blocked Shots : 12 - Penalty Minutes : 12
Americans - Hits : 17 - Faceoff Wins : 36 - Blocked Shots : 10 - Penalty Minutes : 8
Official
Referees : Chris Rooney and Frederick L'Ecuyer
Linesman : Steve Miller and Brad Kovachik
Game Notes
Connor Hellebyuk enters game at 2:44 of 2nd period
Pierre Engvall is injured at 5:29 of 2nd period (Lacerated Right Calf)
Dylan Sikura has scored in a empty net!
Finance
Level 1 -- Attendance: 1993 (99.65%) -- Ticket Income $139,510
Level 2 -- Attendance: 944 (94.40%) -- Ticket Income $37,760
Total Attendance: 2937 (97.90%)
Total Ticket Income: $177,270
Other Income: $8,864
Total Income: $186,134
Thunderbirds
5 vs 5 Forward
Center Left Wing Right Wing Time % Phy DF OF
1 Rourke Chartier Pierre Engvall Joachim Blichfeld 40 1 2 2
2 Anthony Richard Michael Rasmussen Dylan Sikura 30 1 2 2
3 Trent Frederic Paul Cotter Emil Bemstrom 20 1 2 2
4 Rasmus Kupari Artturi Lehkonen Trey Fix-Wolansky 10 1 2 2
5 vs 5 Defense
Defense Defense Time % Phy DF OF
1 Calen Addison Henri Jokiharju 40 1 2 2
2 Dylan Blujus Matt Roy 30 1 2 2
3 Frederic Allard Sami Niku 20 1 2 2
4 Calen Addison Dylan Blujus 10 1 2 2
PowerPlay Forward
Center Left Wing Right Wing Time % Phy DF OF
1 Rourke Chartier Michael Rasmussen Joachim Blichfeld 60 1 2 2
2 Anthony Richard Paul Cotter Emil Bemstrom 40 1 2 2
PowerPlay Defense
Defense Defense Time % Phy DF OF
1 Sami Niku Calen Addison 60 1 2 2
2 Matt Roy Henri Jokiharju 40 1 2 2
Penalty Kill 4 Players Forward
Center Wing Time % Phy DF OF
1 Trent Frederic Pierre Engvall 60 1 2 2
2 Anthony Richard Dylan Sikura 40 1 2 2
Penalty Kill 4 Players Defense
Defense Defense Time % Phy DF OF
1 Henri Jokiharju Calen Addison 60 1 2 2
2 Dylan Blujus Frederic Allard 40 1 2 2
Penalty Kill - 3 Players Forward
Forward Time % Phy DF OF
1 Trent Frederic 60 1 2 2
2 Anthony Richard 40 1 2 2
Penalty Kill - 3 Players Defense
Defense Defense Time % Phy DF OF
1 Dylan Blujus Henri Jokiharju 60 1 2 2
2 Calen Addison Frederic Allard 40 1 2 2
4 vs 4 Forward
Center Wing Time % Phy DF OF
1 Rourke Chartier Michael Rasmussen 60 1 2 2
2 Anthony Richard Artturi Lehkonen 40 1 2 2
4 vs 4 Defense
Defense Defense Time % Phy DF OF
1 Henri Jokiharju Dylan Blujus 60 1 2 2
2 Matt Roy Calen Addison 40 1 2 2
Last Minutes Offensive
Center Left Wing Right Wing Defense Defense
Rourke Chartier Michael Rasmussen Joachim Blichfeld Calen Addison Sami Niku
Last Minutes Defensive
Center Left Wing Right Wing Defense Defense
Trent Frederic Pierre Engvall Dylan Sikura Henri Jokiharju Frederic Allard
Goaltenders
Starting : Emil Larmi
Backup : Magnus Hellberg
Extra Forwards
Normal : Rasmus Kupari, Dylan Sikura, Trey Fix-Wolansky - PP : Trent Frederic, Artturi Lehkonen - PK : Trey Fix-Wolansky
Extra Defensemen
Normal : Frederic Allard, Sami Niku, Calen Addison - PP : Sami Niku - PK : Frederic Allard, Dylan Blujus
Penalty Shots
Rourke Chartier, Anthony Richard, Joachim Blichfeld, Trey Fix-Wolansky, Rasmus Kupari
Custom OT Lines Forwards
Rourke Chartier, Pierre Engvall, Dylan Sikura, Joachim Blichfeld, Anthony Richard, Trent Frederic, Artturi Lehkonen, Michael Rasmussen, Emil Bemstrom, Paul Cotter
Custom OT Lines Defensemen
Calen Addison, Henri Jokiharju, Dylan Blujus, Frederic Allard, Matt Roy
Scratches
Nathan Smith (Healthy), Jeremy Lauzon (Left Hip Injury), Alex Vlasic (Healthy), Rafael Harvey-Pinard (Healthy), Nicholas Robertson (Healthy)
Arturs Silovs (Healthy)
Americans
5 vs 5 Forward
Center Left Wing Right Wing Time % Phy DF OF
1 Michael McCarron Justin Bailey Kevin Fiala 40 1 2 2
2 Nathan Noel Vladimir Tkachev Richard Nejezchleb 30 1 2 2
3 Maxim Mamin John Leonard Daniel Sprong 20 1 2 2
4 Christopher Paquette Jakob Pelletier Alex Schoenborn 10 1 2 2
5 vs 5 Defense
Defense Defense Time % Phy DF OF
1 Jonas Brodin Dillon Heatherington 40 1 2 2
2 Devon Teows Jacob Larsson 30 1 2 2
3 Spencer Stastney Samuel Bolduc 20 1 2 2
4 Xavier Bouchard Dmitri Semykin 10 1 2 2
PowerPlay Forward
Center Left Wing Right Wing Time % Phy DF OF
1 Michael McCarron Justin Bailey Kevin Fiala 60 1 2 2
2 Nathan Noel Vladimir Tkachev Richard Nejezchleb 40 1 2 2
PowerPlay Defense
Defense Defense Time % Phy DF OF
1 Jonas Brodin Dillon Heatherington 60 1 2 2
2 Devon Teows Jacob Larsson 40 1 2 2
Penalty Kill 4 Players Forward
Center Wing Time % Phy DF OF
1 Justin Bailey Kevin Fiala 60 1 2 2
2 Richard Nejezchleb Vladimir Tkachev 40 1 2 2
Penalty Kill 4 Players Defense
Defense Defense Time % Phy DF OF
1 Jonas Brodin Dillon Heatherington 60 1 2 2
2 Devon Teows Jacob Larsson 40 1 2 2
Penalty Kill - 3 Players Forward
Forward Time % Phy DF OF
1 Justin Bailey 60 1 2 2
2 Kevin Fiala 40 1 2 2
Penalty Kill - 3 Players Defense
Defense Defense Time % Phy DF OF
1 Jonas Brodin Dillon Heatherington 60 1 2 2
2 Devon Teows Jacob Larsson 40 1 2 2
4 vs 4 Forward
Center Wing Time % Phy DF OF
1 Justin Bailey Kevin Fiala 60 1 2 2
2 Richard Nejezchleb Vladimir Tkachev 40 1 2 2
4 vs 4 Defense
Defense Defense Time % Phy DF OF
1 Jonas Brodin Dillon Heatherington 60 1 2 2
2 Devon Teows Jacob Larsson 40 1 2 2
Last Minutes Offensive
Center Left Wing Right Wing Defense Defense
Michael McCarron Justin Bailey Kevin Fiala Jonas Brodin Dillon Heatherington
Last Minutes Defensive
Center Left Wing Right Wing Defense Defense
Michael McCarron Justin Bailey Kevin Fiala Jonas Brodin Dillon Heatherington
Goaltenders
Starting : Peyton Jones
Backup : Connor Hellebyuk
Extra Forwards
Normal : Zachary Senyshyn, Lauri Pajuniemi, Peyton Krebs - PP : Zachary Senyshyn, Lauri Pajuniemi - PK : Peyton Krebs
Extra Defensemen
Normal : Gianni Fairbrother, Spencer Stastney, Samuel Bolduc - PP : Gianni Fairbrother - PK : Spencer Stastney, Samuel Bolduc
Penalty Shots
Justin Bailey, Kevin Fiala, Richard Nejezchleb, Vladimir Tkachev, Michael McCarron
Custom OT Lines Forwards
Justin Bailey, Kevin Fiala, Richard Nejezchleb, Vladimir Tkachev, Michael McCarron, Nathan Noel, Maxim Mamin, Daniel Sprong, Alex Schoenborn, John Leonard
Custom OT Lines Defensemen
Jonas Brodin, Dillon Heatherington, Devon Teows, Jacob Larsson, Spencer Stastney
Scratches
Matt Grzelcyk (Sprained Left Ankle Injury), Ryan Fitzgerald (Torn Left Knee Ligaments Injury), Anthony Romano (Healthy), Austin Wong (Healthy), Daniel Bukac (Healthy)
Simon Holmstrom (Healthy)
% Time on Ice - Thunderbirds
Lines # - Real PCT - Wanted PCT - Time Play
Normal Forward
1 - 36% - 40% - 15:26
2 - 27% - 30% - 11:33
3 - 23% - 20% - 9:51
4 - 13% - 10% - 5:43
Normal Defense
1 - 38% - 40% - 16:20
2 - 30% - 30% - 12:46
3 - 27% - 20% - 11:42
4 - 4% - 10% - 1:45
PP Forward
1 - 58% - 60% - 4:06
2 - 42% - 40% - 3:01
PP Defense
1 - 62% - 60% - 4:26
2 - 38% - 40% - 2:41
PK Forward
1 - 86% - 60% - 8:31
2 - 14% - 40% - 1:20
PK Defense
1 - 70% - 60% - 6:52
2 - 30% - 40% - 2:59
PK3 Forward
1 - 0% - 60%
2 - 0% - 40%
PK3 Defense
1 - 0% - 60%
2 - 0% - 40%
44 Forward
1 - 0% - 60%
2 - 0% - 40%
44 Defense
1 - 0% - 60%
2 - 0% - 40%
Last Minute Offensive - 0:00
Last Minute Defensive - 0:29
Total
Forward - 60:00
Defense - 60:00
|
% Time on Ice - Americans
Lines # - Real PCT - Wanted PCT - Time Play
Normal Forward
1 - 36% - 40% - 15:12
2 - 24% - 30% - 10:13
3 - 24% - 20% - 10:13
4 - 16% - 10% - 6:56
Normal Defense
1 - 37% - 40% - 15:53
2 - 30% - 30% - 12:43
3 - 20% - 20% - 8:31
4 - 13% - 10% - 5:27
PP Forward
1 - 55% - 60% - 5:26
2 - 45% - 40% - 4:25
PP Defense
1 - 59% - 60% - 5:51
2 - 41% - 40% - 4:00
PK Forward
1 - 88% - 60% - 6:16
2 - 12% - 40% - 0:51
PK Defense
1 - 63% - 60% - 4:31
2 - 37% - 40% - 2:36
PK3 Forward
1 - 0% - 60%
2 - 0% - 40%
PK3 Defense
1 - 0% - 60%
2 - 0% - 40%
44 Forward
1 - 0% - 60%
2 - 0% - 40%
44 Defense
1 - 0% - 60%
2 - 0% - 40%
Last Minute Offensive - 0:28
Last Minute Defensive - 0:00
Total
Forward - 60:00
Defense - 60:00
|
Play-by-Play
1st period
0:01 of 1st period - Michael McCarron wins face-off versus Rourke Chartier in neutral zone.
0:32 of 1st period - Snap shot by Dylan Sikura.
0:32 of 1st period - Shot Misses the Net.
0:34 of 1st period - Wrist shot by Dylan Sikura.
0:34 of 1st period - Shot Misses the Net.
0:36 of 1st period - Wrist shot by Michael Rasmussen.
0:36 of 1st period - Shot Blocked by Jacob Larsson.
0:48 of 1st period - Snap shot by Daniel Sprong.
0:48 of 1st period - Stopped by Emil Larmi with a rebound.
0:50 of 1st period - Snap shot by Daniel Sprong.
0:50 of 1st period - Stopped by Emil Larmi with a rebound.
0:56 of 1st period - Wrist shot by Maxim Mamin.
0:56 of 1st period - Deflect By John Leonard.
0:56 of 1st period - Shot Misses the Net.
0:56 of 1st period - Puck is out of play.
0:57 of 1st period - Christopher Paquette wins face-off versus Artturi Lehkonen in Thunderbirds zone.
1:22 of 1st period - Xavier Bouchard is hit by Rourke Chartier and loses puck.
2:56 of 1st period - Snap shot by Artturi Lehkonen.
2:56 of 1st period - Shot Blocked by Devon Teows.
2:58 of 1st period - Wrist shot by Rasmus Kupari.
2:58 of 1st period - Shot Blocked by Devon Teows.
3:49 of 1st period - Snap shot by Rourke Chartier.
3:49 of 1st period - Goal by Rourke Chartier - Thunderbirds : 1 - Americans : 0.
3:50 of 1st period - Rourke Chartier wins face-off versus Michael McCarron in neutral zone.
4:29 of 1st period - Snap shot by Emil Bemstrom.
4:29 of 1st period - Stopped by Peyton Jones without a rebound.
4:30 of 1st period - Nathan Noel wins face-off versus Anthony Richard in Americans zone.
4:32 of 1st period - Icing by Richard Nejezchleb.
4:33 of 1st period - Nathan Noel wins face-off versus Anthony Richard in Americans zone.
4:42 of 1st period - Icing by Dylan Sikura.
4:43 of 1st period - Nathan Noel wins face-off versus Anthony Richard in Thunderbirds zone.
4:44 of 1st period - Wrist shot by Vladimir Tkachev.
4:44 of 1st period - Shot Misses the Net.
4:46 of 1st period - Snap shot by Nathan Noel.
4:46 of 1st period - Shot Misses the Net.
5:37 of 1st period - Slapshot by Kevin Fiala.
5:37 of 1st period - Stopped by Emil Larmi without a rebound.
5:38 of 1st period - Rourke Chartier wins face-off versus Michael McCarron in Thunderbirds zone.
5:52 of 1st period - Wrist shot by Kevin Fiala.
5:52 of 1st period - Stopped by Emil Larmi without a rebound.
5:53 of 1st period - Nathan Noel wins face-off versus Rourke Chartier in Thunderbirds zone.
6:27 of 1st period - Snap shot by Kevin Fiala.
6:27 of 1st period - Shot Blocked by Matt Roy.
6:29 of 1st period - Slapshot by Devon Teows.
6:29 of 1st period - Deflect By Justin Bailey.
6:29 of 1st period - Stopped by Emil Larmi with a rebound.
6:55 of 1st period - Wrist shot by Emil Bemstrom.
6:55 of 1st period - Stopped by Peyton Jones without a rebound.
6:56 of 1st period - Rourke Chartier wins face-off versus Nathan Noel in Americans zone.
8:01 of 1st period - Devon Teows is hit by Matt Roy and loses puck.
8:08 of 1st period - Slapshot by Rourke Chartier.
8:08 of 1st period - Shot Misses the Net.
8:41 of 1st period - Sami Niku is hit by Michael McCarron and loses puck.
9:15 of 1st period - Wrist shot by Dylan Sikura.
9:15 of 1st period - Stopped by Peyton Jones without a rebound.
9:16 of 1st period - Rourke Chartier wins face-off versus Michael McCarron in Americans zone.
9:17 of 1st period - Snap shot by Joachim Blichfeld.
9:17 of 1st period - Shot Misses the Net.
9:53 of 1st period - Slapshot by Anthony Richard.
9:53 of 1st period - Stopped by Peyton Jones without a rebound.
9:54 of 1st period - Rasmus Kupari wins face-off versus Nathan Noel in Americans zone.
10:24 of 1st period - Snap shot by Dylan Sikura.
10:24 of 1st period - Shot Misses the Net.
10:26 of 1st period - Slapshot by Dylan Blujus.
10:26 of 1st period - Deflect By Vladimir Tkachev.
10:26 of 1st period - Goal by Dylan Blujus - Thunderbirds : 2 - Americans : 0.
10:27 of 1st period - Rourke Chartier wins face-off versus Michael McCarron in neutral zone.
11:05 of 1st period - Icing by Michael Rasmussen.
11:06 of 1st period - Anthony Richard wins face-off versus Maxim Mamin in Thunderbirds zone.
11:21 of 1st period - Slapshot by Daniel Sprong.
11:21 of 1st period - Deflect By Maxim Mamin.
11:21 of 1st period - Shot Misses the Net.
11:21 of 1st period - Puck is out of play.
11:22 of 1st period - Michael McCarron wins face-off versus Rourke Chartier in Thunderbirds zone.
12:19 of 1st period - Slapshot by Anthony Richard.
12:19 of 1st period - Shot Misses the Net.
12:21 of 1st period - Slapshot by Michael Rasmussen.
12:21 of 1st period - Shot Misses the Net.
12:39 of 1st period - Devon Teows is hit by Frederic Allard and loses puck.
12:56 of 1st period - Jonas Brodin is hit by Joachim Blichfeld and loses puck.
13:03 of 1st period - Slapshot by Dillon Heatherington.
13:03 of 1st period - Shot Blocked by Joachim Blichfeld.
13:19 of 1st period - Snap shot by Emil Bemstrom.
13:19 of 1st period - Shot Hit the Post.
14:07 of 1st period - Snap shot by Daniel Sprong.
14:07 of 1st period - Stopped by Emil Larmi without a rebound.
14:08 of 1st period - Trent Frederic wins face-off versus Michael McCarron in Thunderbirds zone.
14:08 of 1st period - Trent Frederic is hit by Dillon Heatherington.
14:16 of 1st period - Snap shot by Paul Cotter.
14:16 of 1st period - Shot Blocked by Dillon Heatherington.
14:18 of 1st period - Snap shot by Trent Frederic.
14:18 of 1st period - Shot Misses the Net.
14:20 of 1st period - Snap shot by Emil Bemstrom.
14:20 of 1st period - Shot Misses the Net.
14:22 of 1st period - Slapshot by Matt Roy.
14:22 of 1st period - Shot Blocked by Michael McCarron.
14:45 of 1st period - Nathan Noel is hit by Rourke Chartier and loses puck.
14:58 of 1st period - Devon Teows is hit by Michael Rasmussen.
15:31 of 1st period - Slapshot by Matt Roy.
15:31 of 1st period - Shot Misses the Net.
15:47 of 1st period - Slapshot by Kevin Fiala.
15:47 of 1st period - Stopped by Emil Larmi without a rebound.
15:48 of 1st period - Michael McCarron wins face-off versus Trent Frederic in Thunderbirds zone.
16:09 of 1st period - Minor Penalty to Paul Cotter for High sticking.
16:10 of 1st period - Trent Frederic wins face-off versus Michael McCarron in Thunderbirds zone.
16:21 of 1st period - Wrist shot by Kevin Fiala.
16:21 of 1st period - Shot Misses the Net.
16:23 of 1st period - Slapshot by Jonas Brodin.
16:23 of 1st period - Stopped by Emil Larmi with a rebound.
16:25 of 1st period - Slapshot by Dillon Heatherington.
16:25 of 1st period - Goal by Dillon Heatherington - Thunderbirds : 2 - Americans : 1.
16:26 of 1st period - Michael McCarron wins face-off versus Rourke Chartier in neutral zone.
17:30 of 1st period - Snap shot by Trent Frederic.
17:30 of 1st period - Shot Blocked by Spencer Stastney.
17:32 of 1st period - Wrist shot by Trent Frederic.
17:32 of 1st period - Stopped by Peyton Jones with a rebound.
17:34 of 1st period - Slapshot by Dylan Blujus.
17:34 of 1st period - Deflect By Emil Bemstrom.
17:34 of 1st period - Goal by Emil Bemstrom - Thunderbirds : 3 - Americans : 1.
17:35 of 1st period - Nathan Noel wins face-off versus Rourke Chartier in neutral zone.
17:44 of 1st period - Slapshot by Jonas Brodin.
17:44 of 1st period - Shot Blocked by Pierre Engvall.
17:46 of 1st period - Snap shot by Richard Nejezchleb.
17:46 of 1st period - Shot Misses the Net.
17:48 of 1st period - Wrist shot by Vladimir Tkachev.
17:48 of 1st period - Deflect By Richard Nejezchleb.
17:48 of 1st period - Shot Blocked by Joachim Blichfeld.
17:48 of 1st period - Puck is out of play.
17:49 of 1st period - Nathan Noel wins face-off versus Rourke Chartier in Thunderbirds zone.
18:20 of 1st period - Wrist shot by John Leonard.
18:20 of 1st period - Deflect By Dylan Sikura.
18:20 of 1st period - Shot Blocked by Dylan Blujus.
18:20 of 1st period - Puck is out of play.
18:21 of 1st period - Maxim Mamin wins face-off versus Dylan Sikura in Thunderbirds zone.
18:27 of 1st period - Minor Penalty to Anthony Richard for Tripping.
18:28 of 1st period - Michael McCarron wins face-off versus Trent Frederic in Thunderbirds zone.
18:28 of 1st period - Snap shot by Kevin Fiala.
18:28 of 1st period - Stopped by Emil Larmi without a rebound.
18:29 of 1st period - Michael McCarron wins face-off versus Trent Frederic in Thunderbirds zone.
18:30 of 1st period - Snap shot by Justin Bailey.
18:30 of 1st period - Shot Misses the Net.
19:12 of 1st period - Dylan Blujus is hit by Richard Nejezchleb and loses puck.
19:19 of 1st period - Wrist shot by Vladimir Tkachev.
19:19 of 1st period - Stopped by Emil Larmi without a rebound.
19:20 of 1st period - Michael McCarron wins face-off versus Trent Frederic in Thunderbirds zone.
Goals for this period are 3 for Thunderbirds vs 1 for Americans.
Shots for this period are 8 for Thunderbirds vs 11 for Americans.
2nd period
0:01 of 2nd period - Michael McCarron wins face-off versus Trent Frederic in neutral zone.
0:06 of 2nd period - Snap shot by Kevin Fiala.
0:06 of 2nd period - Goal by Kevin Fiala - Thunderbirds : 3 - Americans : 2.
0:07 of 2nd period - Rourke Chartier wins face-off versus Michael McCarron in neutral zone.
0:55 of 2nd period - Dylan Blujus is hit by Maxim Mamin and loses puck.
1:04 of 2nd period - Snap shot by Maxim Mamin.
1:04 of 2nd period - Deflect By John Leonard.
1:04 of 2nd period - Shot Misses the Net.
1:04 of 2nd period - Puck is out of play.
1:05 of 2nd period - Rourke Chartier wins face-off versus Michael McCarron in Thunderbirds zone.
1:10 of 2nd period - Snap shot by Joachim Blichfeld.
1:10 of 2nd period - Deflect By Rourke Chartier.
1:10 of 2nd period - Shot Misses the Net.
1:10 of 2nd period - Puck is out of play.
1:11 of 2nd period - Michael McCarron wins face-off versus Rourke Chartier in Americans zone.
1:24 of 2nd period - Wrist shot by Rourke Chartier.
1:24 of 2nd period - Stopped by Peyton Jones with a rebound.
1:26 of 2nd period - Snap shot by Matt Roy.
1:26 of 2nd period - Shot Misses the Net.
1:34 of 2nd period - Minor Penalty to Michael McCarron for Hooking.
1:35 of 2nd period - Justin Bailey wins face-off versus Joachim Blichfeld in Americans zone.
1:35 of 2nd period - Justin Bailey is hit by Michael Rasmussen.
1:47 of 2nd period - Michael Rasmussen is hit by Justin Bailey and loses puck.
2:16 of 2nd period - Off-side.
2:17 of 2nd period - Rourke Chartier wins face-off versus Richard Nejezchleb in neutral zone.
2:22 of 2nd period - Wrist shot by Michael Rasmussen.
2:22 of 2nd period - Shot Blocked by Richard Nejezchleb.
2:42 of 2nd period - Wrist shot by Emil Bemstrom.
2:42 of 2nd period - Shot Misses the Net.
2:44 of 2nd period - Slapshot by Calen Addison.
2:44 of 2nd period - Deflect By Paul Cotter.
2:44 of 2nd period - Goal by Paul Cotter - Thunderbirds : 4 - Americans : 2.
2:44 of 2nd period - Connor Hellebyuk enters game.
2:45 of 2nd period - Rourke Chartier wins face-off versus Nathan Noel in neutral zone.
2:50 of 2nd period - Nathan Noel is hit by Pierre Engvall and loses puck.
2:55 of 2nd period - Wrist shot by Joachim Blichfeld.
2:55 of 2nd period - Stopped by Connor Hellebyuk without a rebound.
2:56 of 2nd period - Rourke Chartier wins face-off versus Michael McCarron in Americans zone.
3:00 of 2nd period - Minor Penalty to Jacob Larsson for Tripping.
3:01 of 2nd period - Justin Bailey wins face-off versus Rourke Chartier in Americans zone.
3:11 of 2nd period - Dillon Heatherington is hit by Joachim Blichfeld.
3:27 of 2nd period - Kevin Fiala is hit by Paul Cotter and loses puck.
5:00 of 2nd period - Penalty to Jacob Larsson is over, Jacob Larsson is back on ice.
5:11 of 2nd period - Snap shot by Trey Fix-Wolansky.
5:11 of 2nd period - Stopped by Connor Hellebyuk without a rebound.
5:12 of 2nd period - Rasmus Kupari wins face-off versus Christopher Paquette in Americans zone.
5:21 of 2nd period - Slapshot by Rasmus Kupari.
5:21 of 2nd period - Goal by Rasmus Kupari - Thunderbirds : 5 - Americans : 2.
5:22 of 2nd period - Michael McCarron wins face-off versus Rourke Chartier in neutral zone.
5:27 of 2nd period - Wrist shot by Dillon Heatherington.
5:27 of 2nd period - Shot Blocked by Henri Jokiharju.
5:29 of 2nd period - Snap shot by Kevin Fiala.
5:29 of 2nd period - Shot Blocked by Pierre Engvall.
5:29 of 2nd period - Pierre Engvall from Thunderbirds is injured at 5:29 of 2nd period (Lacerated Right Calf).
5:30 of 2nd period - Michael McCarron wins face-off versus Rourke Chartier in Thunderbirds zone.
5:31 of 2nd period - Snap shot by Kevin Fiala.
5:31 of 2nd period - Deflect By Justin Bailey.
5:31 of 2nd period - Stopped by Emil Larmi with a rebound.
5:33 of 2nd period - Slapshot by Kevin Fiala.
5:33 of 2nd period - Stopped by Emil Larmi without a rebound.
5:34 of 2nd period - Michael McCarron wins face-off versus Rourke Chartier in Thunderbirds zone.
5:43 of 2nd period - Wrist shot by Kevin Fiala.
5:43 of 2nd period - Stopped by Emil Larmi with a rebound.
6:09 of 2nd period - Snap shot by Joachim Blichfeld.
6:09 of 2nd period - Deflect By Rourke Chartier.
6:09 of 2nd period - Stopped by Connor Hellebyuk with a rebound.
6:47 of 2nd period - Trent Frederic is hit by Justin Bailey and loses puck.
6:53 of 2nd period - Minor Penalty to Emil Bemstrom for Cross-checking.
6:54 of 2nd period - Justin Bailey wins face-off versus Trent Frederic in Thunderbirds zone.
8:53 of 2nd period - Penalty to Emil Bemstrom is over, Emil Bemstrom is back on ice.
9:01 of 2nd period - Wrist shot by Rourke Chartier.
9:01 of 2nd period - Stopped by Connor Hellebyuk with a rebound.
9:35 of 2nd period - Minor Penalty to Sami Niku for Holding.
9:36 of 2nd period - Trent Frederic wins face-off versus Michael McCarron in Thunderbirds zone.
9:45 of 2nd period - Slapshot by Kevin Fiala.
9:45 of 2nd period - Deflect By Trey Fix-Wolansky.
9:45 of 2nd period - Shot Misses the Net.
9:45 of 2nd period - Puck is out of play.
9:46 of 2nd period - Trent Frederic wins face-off versus Michael McCarron in Thunderbirds zone.
9:46 of 2nd period - Trent Frederic is hit by Kevin Fiala.
10:00 of 2nd period - Wrist shot by Michael McCarron.
10:00 of 2nd period - Shot Misses the Net.
10:02 of 2nd period - Slapshot by Devon Teows.
10:02 of 2nd period - Shot Misses the Net.
10:04 of 2nd period - Wrist shot by Kevin Fiala.
10:04 of 2nd period - Stopped by Emil Larmi with a rebound.
10:10 of 2nd period - Snap shot by Kevin Fiala.
10:10 of 2nd period - Stopped by Emil Larmi without a rebound.
10:11 of 2nd period - Nathan Noel wins face-off versus Trent Frederic in Thunderbirds zone.
11:35 of 2nd period - Penalty to Sami Niku is over, Sami Niku is back on ice.
11:44 of 2nd period - Matt Roy is hit by Dillon Heatherington and loses puck.
12:24 of 2nd period - Slapshot by Vladimir Tkachev.
12:24 of 2nd period - Shot Misses the Net.
12:40 of 2nd period - Snap shot by Rasmus Kupari.
12:40 of 2nd period - Stopped by Connor Hellebyuk with a rebound.
13:04 of 2nd period - Devon Teows is hit by Calen Addison and loses puck.
13:19 of 2nd period - Wrist shot by Jakob Pelletier.
13:19 of 2nd period - Stopped by Emil Larmi without a rebound.
13:20 of 2nd period - Christopher Paquette wins face-off versus Rourke Chartier in Thunderbirds zone.
13:27 of 2nd period - Slapshot by Jonas Brodin.
13:27 of 2nd period - Deflect By Joachim Blichfeld.
13:27 of 2nd period - Stopped by Emil Larmi with a rebound.
13:29 of 2nd period - Snap shot by Christopher Paquette.
13:29 of 2nd period - Goal by Christopher Paquette - Thunderbirds : 5 - Americans : 3.
13:30 of 2nd period - Anthony Richard wins face-off versus Kevin Fiala in neutral zone.
13:39 of 2nd period - Snap shot by Anthony Richard.
13:39 of 2nd period - Stopped by Connor Hellebyuk with a rebound.
13:41 of 2nd period - Wrist shot by Dylan Sikura.
13:41 of 2nd period - Stopped by Connor Hellebyuk with a rebound.
13:43 of 2nd period - Backhand shot by Dylan Sikura.
13:43 of 2nd period - Shot Misses the Net.
13:45 of 2nd period - Slapshot by Calen Addison.
13:45 of 2nd period - Stopped by Connor Hellebyuk with a rebound.
14:22 of 2nd period - John Leonard is hit by Paul Cotter and loses puck.
14:49 of 2nd period - Wrist shot by Dillon Heatherington.
14:49 of 2nd period - Shot Misses the Net.
14:51 of 2nd period - Snap shot by Dillon Heatherington.
14:51 of 2nd period - Shot Blocked by Sami Niku.
14:53 of 2nd period - Slapshot by Jonas Brodin.
14:53 of 2nd period - Shot Misses the Net.
15:14 of 2nd period - Jacob Larsson is hit by Paul Cotter and loses puck.
15:25 of 2nd period - Anthony Richard is hit by Alex Schoenborn and loses puck.
16:25 of 2nd period - Richard Nejezchleb is hit by Matt Roy and loses puck.
16:38 of 2nd period - Justin Bailey is hit by Henri Jokiharju and loses puck.
17:49 of 2nd period - Artturi Lehkonen is hit by Richard Nejezchleb.
18:03 of 2nd period - Slapshot by Vladimir Tkachev.
18:03 of 2nd period - Stopped by Emil Larmi without a rebound.
18:04 of 2nd period - Dylan Sikura wins face-off versus Christopher Paquette in Thunderbirds zone.
18:11 of 2nd period - Dillon Heatherington is hit by Dylan Sikura and loses puck.
18:23 of 2nd period - Icing by Calen Addison.
18:24 of 2nd period - Justin Bailey wins face-off versus Anthony Richard in Thunderbirds zone.
18:35 of 2nd period - Snap shot by Kevin Fiala.
18:35 of 2nd period - Shot Blocked by Michael Rasmussen.
18:37 of 2nd period - Wrist shot by Justin Bailey.
18:37 of 2nd period - Stopped by Emil Larmi without a rebound.
18:38 of 2nd period - Rourke Chartier wins face-off versus Michael McCarron in Thunderbirds zone.
18:45 of 2nd period - Slapshot by Calen Addison.
18:45 of 2nd period - Shot Blocked by Michael McCarron.
19:04 of 2nd period - Jonas Brodin is hit by Michael Rasmussen and loses puck.
19:10 of 2nd period - Minor Penalty to Calen Addison for Hooking.
19:11 of 2nd period - Trent Frederic wins face-off versus Michael McCarron in Thunderbirds zone.
19:11 of 2nd period - Trent Frederic is hit by Justin Bailey.
19:26 of 2nd period - Wrist shot by Kevin Fiala.
19:26 of 2nd period - Shot Blocked by Trey Fix-Wolansky.
19:44 of 2nd period - Slapshot by Jonas Brodin.
19:44 of 2nd period - Shot Misses the Net.
Goals for this period are 2 for Thunderbirds vs 2 for Americans.
Shots for this period are 11 for Thunderbirds vs 11 for Americans.
3rd period
0:01 of 3rd period - Trent Frederic wins face-off versus Michael McCarron in neutral zone.
1:10 of 3rd period - Penalty to Calen Addison is over, Calen Addison is back on ice.
1:50 of 3rd period - Snap shot by Jakob Pelletier.
1:50 of 3rd period - Stopped by Emil Larmi without a rebound.
1:51 of 3rd period - Michael McCarron wins face-off versus Anthony Richard in Thunderbirds zone.
1:52 of 3rd period - Snap shot by Justin Bailey.
1:52 of 3rd period - Deflect By Michael McCarron.
1:52 of 3rd period - Shot Misses the Net.
1:52 of 3rd period - Puck is out of play.
1:53 of 3rd period - Michael McCarron wins face-off versus Rourke Chartier in Thunderbirds zone.
1:54 of 3rd period - Wrist shot by Kevin Fiala.
1:54 of 3rd period - Shot Blocked by Calen Addison.
1:56 of 3rd period - Snap shot by Michael McCarron.
1:56 of 3rd period - Stopped by Emil Larmi with a rebound.
2:09 of 3rd period - Snap shot by Dillon Heatherington.
2:09 of 3rd period - Deflect By Justin Bailey.
2:09 of 3rd period - Deflect By Rourke Chartier.
2:09 of 3rd period - Stopped by Emil Larmi without a rebound.
2:10 of 3rd period - Nathan Noel wins face-off versus Anthony Richard in Thunderbirds zone.
2:25 of 3rd period - Anthony Richard is hit by Richard Nejezchleb and loses puck.
2:46 of 3rd period - Slapshot by Joachim Blichfeld.
2:46 of 3rd period - Shot Misses the Net.
2:48 of 3rd period - Slapshot by Joachim Blichfeld.
2:48 of 3rd period - Deflect By Rasmus Kupari.
2:48 of 3rd period - Stopped by Connor Hellebyuk without a rebound.
2:49 of 3rd period - Maxim Mamin wins face-off versus Trent Frederic in Americans zone.
2:49 of 3rd period - Maxim Mamin is hit by Emil Bemstrom.
2:54 of 3rd period - Off-side.
2:55 of 3rd period - Maxim Mamin wins face-off versus Trent Frederic in neutral zone.
3:04 of 3rd period - Minor Penalty to Calen Addison for Tripping.
3:05 of 3rd period - Michael McCarron wins face-off versus Trent Frederic in Thunderbirds zone.
4:28 of 3rd period - Matt Roy is hit by Nathan Noel and loses puck.
5:04 of 3rd period - Penalty to Calen Addison is over, Calen Addison is back on ice.
5:13 of 3rd period - Wrist shot by Sami Niku.
5:13 of 3rd period - Deflect By Calen Addison.
5:13 of 3rd period - Stopped by Connor Hellebyuk without a rebound.
5:14 of 3rd period - Rourke Chartier wins face-off versus Daniel Sprong in Americans zone.
5:29 of 3rd period - Wrist shot by Daniel Sprong.
5:29 of 3rd period - Shot Blocked by Rasmus Kupari.
5:31 of 3rd period - Snap shot by Maxim Mamin.
5:31 of 3rd period - Stopped by Emil Larmi with a rebound.
5:33 of 3rd period - Slapshot by Spencer Stastney.
5:33 of 3rd period - Stopped by Emil Larmi without a rebound.
5:34 of 3rd period - Michael McCarron wins face-off versus Anthony Richard in Thunderbirds zone.
5:35 of 3rd period - Wrist shot by Justin Bailey.
5:35 of 3rd period - Stopped by Emil Larmi with a rebound.
5:55 of 3rd period - Minor Penalty to Devon Teows for Roughing.
5:56 of 3rd period - Rourke Chartier wins face-off versus Justin Bailey in Americans zone.
5:59 of 3rd period - Snap shot by Rourke Chartier.
5:59 of 3rd period - Stopped by Connor Hellebyuk with a rebound.
6:01 of 3rd period - Slapshot by Calen Addison.
6:01 of 3rd period - Shot Blocked by Kevin Fiala.
6:29 of 3rd period - Snap shot by Paul Cotter.
6:29 of 3rd period - Shot Misses the Net.
7:55 of 3rd period - Penalty to Devon Teows is over, Devon Teows is back on ice.
8:06 of 3rd period - Vladimir Tkachev is hit by Artturi Lehkonen and loses puck.
8:11 of 3rd period - Jacob Larsson is hit by Dylan Blujus.
8:21 of 3rd period - Devon Teows is hit by Rasmus Kupari and loses puck.
8:32 of 3rd period - Dmitri Semykin is hit by Emil Bemstrom and loses puck.
10:35 of 3rd period - Off-side.
10:36 of 3rd period - Maxim Mamin wins face-off versus Trent Frederic in neutral zone.
11:49 of 3rd period - Snap shot by Richard Nejezchleb.
11:49 of 3rd period - Deflect By Vladimir Tkachev.
11:49 of 3rd period - Stopped by Emil Larmi with a rebound.
12:18 of 3rd period - Snap shot by Michael McCarron.
12:18 of 3rd period - Goal by Michael McCarron - Thunderbirds : 5 - Americans : 4.
12:19 of 3rd period - Rourke Chartier wins face-off versus Michael McCarron in neutral zone.
12:44 of 3rd period - Anthony Richard is hit by Richard Nejezchleb and loses puck.
13:10 of 3rd period - Dylan Blujus is hit by Devon Teows and loses puck.
13:29 of 3rd period - Snap shot by Joachim Blichfeld.
13:29 of 3rd period - Shot Blocked by Samuel Bolduc.
13:31 of 3rd period - Snap shot by Rourke Chartier.
13:31 of 3rd period - Shot Misses the Net.
13:33 of 3rd period - Wrist shot by Rasmus Kupari.
13:33 of 3rd period - Stopped by Connor Hellebyuk without a rebound.
13:34 of 3rd period - Rourke Chartier wins face-off versus Michael McCarron in Americans zone.
13:55 of 3rd period - Minor Penalty to Kevin Fiala for High sticking.
13:56 of 3rd period - Peyton Krebs wins face-off versus Rourke Chartier in Americans zone.
14:20 of 3rd period - Icing by Calen Addison.
14:21 of 3rd period - Rourke Chartier wins face-off versus Justin Bailey in Thunderbirds zone.
14:26 of 3rd period - Snap shot by Rourke Chartier.
14:26 of 3rd period - Stopped by Connor Hellebyuk with a rebound.
14:28 of 3rd period - Slapshot by Joachim Blichfeld.
14:28 of 3rd period - Stopped by Connor Hellebyuk with a rebound.
14:44 of 3rd period - Wrist shot by Joachim Blichfeld.
14:44 of 3rd period - Stopped by Connor Hellebyuk without a rebound.
14:45 of 3rd period - Anthony Richard wins face-off versus Justin Bailey in Americans zone.
15:10 of 3rd period - Vladimir Tkachev is hit by Matt Roy and loses puck.
15:21 of 3rd period - Matt Roy is hit by Justin Bailey and loses puck.
15:55 of 3rd period - Penalty to Kevin Fiala is over, Kevin Fiala is back on ice.
17:28 of 3rd period - Backhand shot by Emil Bemstrom.
17:28 of 3rd period - Stopped by Connor Hellebyuk with a rebound.
17:42 of 3rd period - Nathan Noel is hit by Sami Niku.
18:04 of 3rd period - Slapshot by Emil Bemstrom.
18:04 of 3rd period - Stopped by Connor Hellebyuk with a rebound.
18:15 of 3rd period - Off-side.
18:16 of 3rd period - Rasmus Kupari wins face-off versus Maxim Mamin in neutral zone.
18:22 of 3rd period - Slapshot by Artturi Lehkonen.
18:22 of 3rd period - Shot Misses the Net.
18:42 of 3rd period - Justin Bailey is hit by Dylan Sikura and loses puck.
18:47 of 3rd period - Wrist shot by Joachim Blichfeld.
18:47 of 3rd period - Shot Misses the Net.
18:49 of 3rd period - Slapshot by Joachim Blichfeld.
18:49 of 3rd period - Stopped by Connor Hellebyuk with a rebound.
18:51 of 3rd period - Snap shot by Henri Jokiharju.
18:51 of 3rd period - Shot Misses the Net.
19:03 of 3rd period - Americans, Connor Hellebyuk is pulled from the net.
19:03 of 3rd period - Wrist shot by Kevin Fiala.
19:03 of 3rd period - Shot Misses the Net.
19:25 of 3rd period - Wrist shot by Rasmus Kupari.
19:25 of 3rd period - Deflect By Dylan Sikura.
19:25 of 3rd period - Goal by Dylan Sikura - Thunderbirds : 6 - Americans : 4.
19:25 of 3rd period - Connor Hellebyuk from Americans was sent back in the game.
19:26 of 3rd period - Maxim Mamin wins face-off versus Anthony Richard in neutral zone.
19:49 of 3rd period - Matt Roy is hit by Michael McCarron and loses puck.
Goals for this period are 1 for Thunderbirds vs 1 for Americans.
Shots for this period are 11 for Thunderbirds vs 8 for Americans.